 Dungeon Crawl Stone Soup version 0.22.1-2-g9c5b331383 (webtiles) character file.

124 Marnok the Skirmisher (level 5, -1/42 HPs)
             Began as a Human Fighter on Nov 27, 2018.
             Slain by a slave (10 damage)
             ... led by Pikel
             ... on level 4 of the Dungeon.
             The game lasted 00:09:36 (1892 turns).

Marnok the Skirmisher (Human Fighter)               Turns: 1892, Time: 00:09:38

Health: -1/42      AC:  0    Str: 22    XL:     5   Next: 30%
Magic:  5/5        EV: 14    Int:  8    God:
Gold:   80         SH:  0    Dex: 13    Spells: 4/4 levels left

rFire    . . .     SeeInvis .   (weapon currently unavailable)
rCold    . . .     Gourm    .   (shield currently unavailable)
rNeg     . . .     Faith    .   (armour currently unavailable)
rPois    .         Spirit   .   (helmet currently unavailable)
rElec    .         Reflect  .   (cloak currently unavailable)
rCorr    .         Harm     .   (gloves currently unavailable)
MR       .....                  (boots currently unavailable)
Stlth    +.........             (no amulet)
HPRegen  0.14/turn              (ring currently unavailable)
MPRegen  0.09/turn              (ring currently unavailable)

@: mighty, pig-form, very quick
A: small
a: no special abilities


You were on level 4 of the Dungeon.
You were not hungry.
You were a filthy swine.
You visited 1 branch of the dungeon, and saw 4 of its levels.

You collected 80 gold pieces.

Inventory:

Hand Weapons
 a - a +0 long sword (melded)
Armour
 b - a +0 scale mail (melded)
 c - a +0 shield (melded)
 j - a cursed +0 plate armour
 n - a +0 large shield
 o - a +1 pair of gloves of dexterity
Scrolls
 g - 5 scrolls of identify {unknown}
 i - 2 scrolls of amnesia {unknown}
 l - a scroll of teleportation {unknown}
 m - a scroll of remove curse {unknown}
Potions
 e - a potion of lignification {unknown}
 h - a potion of haste
 k - a potion of brilliance {unknown}
Comestibles
 f - 2 rations


   Skills:
 + Level 3.8 Fighting
 + Level 3.2 Long Blades
 + Level 3.6 Armour
 + Level 0.9 Dodging
 + Level 3.4 Shields


You had 4 spell levels left.
You didn't know any spells.
Your spell library was empty.

Dungeon Overview and Level Annotations

Branches:
Dungeon (4/15)
 Temple: D:4-7

Altars:

Annotations:
D:4 Ijyb, Pikel


Message History

You slash Pikel!
Pikel is moderately wounded.
The slave hits you but does no damage. The slave hits you.
Pikel zaps a wand.
You turn into a filthy swine.
Your +0 long sword melds into your body.
Your +0 shield melds into your body.
Your +0 scale mail melds into your body.
It is a wand of polymorph (3).
The slave hits you. The slave misses you.
You feel very mighty all of a sudden. Ijyb screams, "I no like you!"
The slave hits you. The slave barely misses you.
Pikel hits you with a whip of freezing. Pikel freezes you.
The slave misses you. The slave barely misses you.
You bite Pikel!
Pikel is heavily wounded.
The slave misses you. The slave hits you.
Pikel hits you with a whip of freezing! Pikel freezes you.
* * * LOW HITPOINT WARNING * * *
The slave misses you. The slave hits you!
You die...

... ###..
....####
#.?...+
#....#
####..?.#
......pK#
#.ph##
#?p.p#
#..g...#
..........#
..........#
#.....##...#
...... #...#
#..... #...#
.... #...#


You could see Pikel, 4 slaves and Ijyb.

Vanquished Creatures
  3 gnolls (D:2)
  2 adders
  An ooze (D:1)
  2 worms (D:2)
  3 dart slugs (D:1)
  A ball python (D:1)
  3 bats
  4 giant cockroaches
  6 goblins
  10 hobgoblins
  6 jackals
  6 kobolds
  4 frilled lizards
  7 rats
58 creatures vanquished.

Notes
Turn   | Place    | Note
-------+----------+-------------------------------------------
     0 | D:1      | Marnok the Human Fighter began the quest for the Orb.
     0 | D:1      | Reached XP level 1. HP: 18/18 MP: 1/1
    75 | D:1      | Reached XP level 2. HP: 22/24 MP: 2/2
   324 | D:1      | Reached XP level 3. HP: 26/29 MP: 3/3
   654 | D:1      | Reached XP level 4. HP: 31/35 MP: 4/4
  1304 | D:2      | Reached XP level 5. HP: 28/42 MP: 5/5
  1887 | D:4      | Noticed Pikel
  1887 | D:4      | Noticed a slave
  1887 | D:4      | Noticed a slave
  1887 | D:4      | Noticed a slave
  1887 | D:4      | Noticed a slave
  1888 | D:4      | Noticed Ijyb
  1892 | D:4      | Slain by a slave

Skill      XL: |  1  2  3  4 |
---------------+-------------+-----
Long Blades    | 3 |  3.2
Fighting       | |  3.8
Armour         | |  3.6
Dodging        | |  0.9
Shields        | |  3.4

Action                   |  1- 3 |  4- 6 || total
-------------------------+-------+-------++-------
Melee: Long sword        |   104 |    87 ||   191
       Unarmed           |       |     1 ||     1
  Use: Potion            |       |     3 ||     3
  Eat: Chunk             |       |     2 ||     2
       Ration            |       |     1 ||     1
Armor: Scale mail        |    45 |    46 ||    91
Dodge: Dodged            |    41 |    45 ||    86
Block: Shield            |    47 |    43 ||    90
       Rpst.: Long sword |    15 |     9 ||    24
